[ PARTIDA AOE2 · #474820732 ]
UnrankedBúlgaros vs Khitans
[ ANÁLISIS DE REPETICIÓN · EXTRAÍDO DE LA PARTIDA GRABADA ]
Feudal
14:17
Castillos
17:51
Imperial
45:35
| APM promedio | 38.8 |
| APM pico | 73 |
| eAPM promedio | 25.6 |
| Aldeanos / militares | 276 / 113 |
Foco
⚔️ 29.5% · 🌾 70.5%
Konnik ×110 · Fishing Ship ×7 · Trebuchet (Packed) ×2 · Monk ×1
Feudal
13:53
Castillos
18:38
Imperial
—
| APM promedio | 30.0 |
| APM pico | 68 |
| eAPM promedio | 14.5 |
| Aldeanos / militares | 142 / 125 |
Foco
⚔️ 42.0% · 🌾 58.0%
Cavalry Archer ×50 · Steppe Lancer ×43 · Genitour ×32 · Fishing Ship ×6
Feudal
12:44
Castillos
30:42
Imperial
—
| APM promedio | 29.2 |
| APM pico | 55 |
| eAPM promedio | 13.3 |
| Aldeanos / militares | 103 / 32 |
Foco
⚔️ 20.2% · 🌾 79.8%
Cavalry Archer ×32 · Fishing Ship ×10 · Unknown (1944) ×5
Feudal
14:09
Castillos
18:18
Imperial
44:47
| APM promedio | 29.9 |
| APM pico | 65 |
| eAPM promedio | 17.0 |
| Aldeanos / militares | 135 / 39 |
Foco
⚔️ 26.5% · 🌾 73.5%
Keshik ×32 · Fishing Ship ×7 · Mangonel ×4 · Trebuchet (Packed) ×2 · Scorpion ×1 · Trade Cart ×1
Feudal
15:52
Castillos
19:47
Imperial
42:56
| APM promedio | 29.7 |
| APM pico | 51 |
| eAPM promedio | 14.6 |
| Aldeanos / militares | 146 / 165 |
Foco
⚔️ 34.6% · 🌾 65.4%
Knight ×72 · Conquistador ×67 · Scout Cavalry ×15 · Fishing Ship ×11 · Trebuchet (Packed) ×5 · Fire Galley ×3
Feudal
14:14
Castillos
18:09
Imperial
—
| APM promedio | 26.6 |
| APM pico | 50 |
| eAPM promedio | 19.4 |
| Aldeanos / militares | 153 / 28 |
Foco
⚔️ 16.2% · 🌾 83.8%
Skirmisher ×24 · Fishing Ship ×7 · Shotel Warrior ×4
Feudal
13:13
Castillos
17:52
Imperial
—
| APM promedio | 44.4 |
| APM pico | 92 |
| eAPM promedio | 18.0 |
| Aldeanos / militares | 141 / 91 |
Foco
⚔️ 34.2% · 🌾 65.8%
Plumed Archer ×91 · Fishing Ship ×8
Feudal
12:40
Castillos
20:26
Imperial
43:00
| APM promedio | 45.5 |
| APM pico | 86 |
| eAPM promedio | 25.3 |
| Aldeanos / militares | 102 / 103 |
Foco
⚔️ 37.6% · 🌾 62.4%
Knight ×83 · Fishing Ship ×16 · Unknown (2626) ×8 · Camel Scout ×7 · Monk ×6 · Trebuchet (Packed) ×3
Mapa de la partida
Recursos iniciales + cada clic de construcción. Líneas = muros · curvas = relieve. ◆ oro · ⬟ piedra · ● bayas · ✦ reliquia · ◌ hueco del cierre
Tu base· Abierta — hueco de 12t
Base de Joaquin12· Abierta — flanco sin cerrar
Base de médjais· Abierta — hueco de 13t
Base de [GDL] turbojj· Abierta — flanco sin cerrar
Base de Trotti· Abierta — flanco sin cerrar
Base de Benjaiper· Abierta — hueco de 9t
Base de word马亚· Abierta — hueco de 12t
Base de EMALI· Abierta — hueco de 11t
Terreno inicial suavizado · ◌ = hueco del cierre detectado · pasá el cursor para detalles
Inputs por minuto
— Dango - - Joaquin12
Build order — Dango
Primeras 150 de 605 acciones detectadas
| 0:28 | Construir | Town Center |
| 0:37 | Construir | Town Center |
| 0:43 | Construir | Town Center |
| 0:53 | Construir | Dock |
| 2:12 | Construir | House |
| 3:02 | Crear | Villager (Male) |
| 3:03 | Crear | Villager (Male) |
| 3:03 | Crear | Villager (Male) |
| 3:03 | Crear | Villager (Male) |
| 3:04 | Crear | Villager (Male) |
| 3:25 | Investigar | Loom |
| 3:28 | Crear | Villager (Male) |
| 3:28 | Crear | Villager (Male) |
| 3:29 | Crear | Villager (Male) |
| 3:29 | Crear | Villager (Male) |
| 4:45 | Crear | Fishing Ship |
| 4:46 | Crear | Fishing Ship |
| 5:20 | Construir | House |
| 5:20 | Crear | Villager (Male) |
| 5:21 | Crear | Villager (Male) |
| 6:01 | Crear | Fishing Ship |
| 6:07 | Crear | Villager (Male) |
| 6:07 | Crear | Villager (Male) |
| 6:31 | Crear | Villager (Male) |
| 6:31 | Crear | Villager (Male) |
| 6:47 | Crear | Villager (Male) |
| 6:47 | Crear | Villager (Male) |
| 7:17 | Crear | Villager (Male) |
| 7:30 | Crear | Villager (Male) |
| 7:31 | Crear | Villager (Male) |
| 7:33 | Crear | Fishing Ship |
| 7:33 | Crear | Fishing Ship |
| 7:37 | Construir | House |
| 7:55 | Crear | Villager (Male) |
| 8:14 | Crear | Villager (Male) |
| 8:14 | Crear | Villager (Male) |
| 8:20 | Crear | Fishing Ship |
| 8:41 | Construir | House |
| 8:42 | Crear | Villager (Male) |
| 8:43 | Crear | Villager (Male) |
| 9:02 | Crear | Villager (Male) |
| 9:21 | Construir | House |
| 9:22 | Crear | Fishing Ship |
| 9:44 | Construir | House |
| 9:49 | Crear | Villager (Male) |
| 10:01 | Crear | Villager (Male) |
| 10:12 | Construir | Mill |
| 10:15 | Crear | Villager (Male) |
| 10:40 | Crear | Villager (Male) |
| 10:42 | Crear | Villager (Male) |
| 11:23 | Construir | Mining Camp |
| 11:56 | Investigar | Feudal Age |
| 12:15 | Crear | Villager (Male) |
| 12:15 | Crear | Villager (Male) |
| 14:17 | Edad | Edad Feudal |
| 14:19 | Construir | Market |
| 14:21 | Construir | Blacksmith |
| 14:27 | Crear | Villager (Male) |
| 14:30 | Construir | Lumber Camp |
| 15:11 | Investigar | Castle Age |
| 15:12 | Investigar | Castle Age |
| 15:37 | Investigar | Double-Bit Axe |
| 15:38 | Investigar | Double-Bit Axe |
| 16:12 | Investigar | Horse Collar |
| 16:16 | Construir | Outpost |
| 16:22 | Construir | Palisade Wall |
| 16:45 | Crear | Villager (Male) |
| 16:52 | Crear | Villager (Male) |
| 17:51 | Edad | Edad de los Castillos |
| 17:55 | Construir | Krepost |
| 17:59 | Investigar | Fletching |
| 17:59 | Crear | Villager (Male) |
| 18:11 | Crear | Villager (Male) |
| 18:37 | Construir | Krepost |
| 18:38 | Crear | Villager (Male) |
| 18:42 | Crear | Konnik |
| 18:46 | Crear | Villager (Male) |
| 19:09 | Construir | Town Center |
| 19:10 | Crear | Villager (Male) |
| 19:13 | Crear | Villager (Male) |
| 19:16 | Construir | Farm |
| 19:30 | Crear | Konnik |
| 20:01 | Crear | Villager (Male) |
| 20:05 | Construir | Krepost |
| 20:23 | Construir | Farm |
| 20:35 | Crear | Villager (Male) |
| 20:59 | Crear | Villager (Male) |
| 21:01 | Crear | Konnik |
| 21:12 | Crear | Villager (Male) |
| 21:32 | Construir | Farm |
| 21:34 | Construir | Farm |
| 21:35 | Construir | Farm |
| 21:35 | Construir | Farm |
| 21:35 | Construir | Farm |
| 21:35 | Construir | Farm |
| 21:40 | Crear | Villager (Male) |
| 21:40 | Crear | Villager (Male) |
| 21:54 | Crear | Villager (Male) |
| 22:24 | Crear | Villager (Male) |
| 22:28 | Crear | Villager (Male) |
| 22:29 | Crear | Villager (Male) |
| 23:09 | Crear | Villager (Male) |
| 23:11 | Construir | Palisade Wall |
| 23:12 | Construir | Palisade Wall |
| 23:13 | Construir | House |
| 23:21 | Construir | Krepost |
| 23:43 | Construir | Market |
| 23:49 | Construir | Farm |
| 23:55 | Construir | Mining Camp |
| 24:12 | Crear | Villager (Male) |
| 24:12 | Crear | Villager (Male) |
| 24:42 | Crear | Villager (Male) |
| 24:43 | Crear | Villager (Male) |
| 24:56 | Crear | Villager (Male) |
| 24:56 | Crear | Villager (Male) |
| 25:29 | Crear | Villager (Male) |
| 25:29 | Crear | Villager (Male) |
| 25:32 | Construir | Farm |
| 25:32 | Construir | Farm |
| 25:32 | Construir | Farm |
| 25:43 | Crear | Villager (Male) |
| 25:43 | Crear | Villager (Male) |
| 25:51 | Crear | Villager (Male) |
| 25:55 | Construir | Farm |
| 26:04 | Investigar | Wheelbarrow |
| 26:05 | Crear | Villager (Male) |
| 26:05 | Crear | Villager (Male) |
| 26:06 | Crear | Villager (Male) |
| 26:15 | Construir | Town Center |
| 26:15 | Crear | Villager (Male) |
| 26:16 | Crear | Villager (Male) |
| 26:25 | Crear | Villager (Male) |
| 26:42 | Crear | Villager (Male) |
| 26:42 | Crear | Villager (Male) |
| 26:53 | Investigar | Bow Saw |
| 26:54 | Crear | Villager (Male) |
| 26:54 | Crear | Villager (Male) |
| 27:07 | Crear | Villager (Male) |
| 27:16 | Crear | Villager (Male) |
| 27:20 | Construir | Mining Camp |
| 27:28 | Crear | Villager (Male) |
| 27:28 | Crear | Villager (Male) |
| 27:49 | Crear | Villager (Male) |
| 27:49 | Crear | Villager (Male) |
| 27:57 | Crear | Villager (Male) |
| 27:57 | Crear | Villager (Male) |
| 28:05 | Crear | Villager (Male) |
| 28:06 | Crear | Villager (Male) |
| 28:16 | Construir | Farm |
| 28:16 | Construir | Farm |
Build order — Joaquin12
Primeras 150 de 241 acciones detectadas
| 0:49 | Construir | Town Center |
| 1:26 | Construir | Dock |
| 1:28 | Construir | House |
| 2:52 | Crear | Villager (Male) ×4 |
| 4:03 | Crear | Fishing Ship |
| 4:11 | Construir | House |
| 4:15 | Investigar | Loom |
| 4:58 | Crear | Villager (Male) |
| 5:23 | Crear | Villager (Male) |
| 5:39 | Crear | Villager (Male) |
| 6:01 | Crear | Villager (Male) |
| 6:01 | Crear | Villager (Male) |
| 6:22 | Crear | Villager (Male) |
| 6:26 | Crear | Fishing Ship |
| 6:38 | Crear | Villager (Male) |
| 7:06 | Crear | Villager (Male) |
| 7:14 | Construir | House |
| 7:16 | Construir | House |
| 7:51 | Crear | Villager (Male) |
| 7:52 | Crear | Villager (Male) |
| 8:06 | Crear | Villager (Male) |
| 8:10 | Crear | Fishing Ship |
| 8:52 | Crear | Fishing Ship |
| 9:39 | Crear | Fishing Ship |
| 10:04 | Construir | House |
| 10:28 | Construir | House |
| 10:38 | Crear | Fishing Ship |
| 10:53 | Crear | Villager (Male) |
| 11:05 | Construir | Mining Camp |
| 11:15 | Crear | Villager (Male) |
| 11:33 | Investigar | Feudal Age |
| 12:08 | Construir | Lumber Camp |
| 12:30 | Construir | Mill |
| 12:41 | Crear | Villager (Male) |
| 12:42 | Crear | Villager (Male) |
| 12:42 | Crear | Villager (Male) |
| 12:42 | Crear | Villager (Male) |
| 13:27 | Construir | House |
| 13:53 | Edad | Edad Feudal |
| 14:00 | Construir | Market |
| 14:14 | Construir | Blacksmith |
| 15:58 | Investigar | Castle Age |
| 16:23 | Construir | Barracks |
| 16:34 | Investigar | Double-Bit Axe |
| 16:35 | Investigar | Double-Bit Axe |
| 17:18 | Construir | Dock |
| 17:21 | Construir | House |
| 17:29 | Construir | Stable |
| 17:42 | Investigar | Forging |
| 18:26 | Construir | Stable |
| 18:38 | Edad | Edad de los Castillos |
| 18:43 | Crear | Steppe Lancer ×4 |
| 19:00 | Investigar | Scale Barding Armor |
| 19:02 | Crear | Villager (Male) |
| 19:10 | Construir | Pasture |
| 19:14 | Construir | Pasture |
| 19:19 | Construir | Pasture |
| 19:32 | Crear | Villager (Male) |
| 19:33 | Crear | Villager (Male) |
| 19:38 | Construir | Pasture |
| 19:39 | Crear | Villager (Male) |
| 19:51 | Crear | Steppe Lancer |
| 19:51 | Crear | Steppe Lancer |
| 20:05 | Crear | Villager (Male) |
| 20:11 | Construir | Pasture |
| 20:21 | Crear | Steppe Lancer |
| 20:22 | Crear | Steppe Lancer |
| 21:00 | Crear | Steppe Lancer |
| 21:01 | Crear | Villager (Male) ×2 |
| 21:25 | Crear | Steppe Lancer ×2 |
| 21:37 | Crear | Steppe Lancer |
| 21:38 | Crear | Steppe Lancer |
| 21:39 | Crear | Villager (Male) |
| 22:08 | Crear | Villager (Male) |
| 22:08 | Crear | Villager (Male) |
| 22:08 | Crear | Villager (Male) |
| 22:14 | Construir | Town Center |
| 22:43 | Investigar | Chain Barding Armor |
| 22:43 | Investigar | Chain Barding Armor |
| 23:31 | Crear | Steppe Lancer |
| 23:31 | Crear | Steppe Lancer |
| 23:32 | Crear | Steppe Lancer |
| 23:35 | Crear | Villager (Male) ×3 |
| 23:45 | Construir | Pasture |
| 23:55 | Crear | Steppe Lancer |
| 23:55 | Crear | Steppe Lancer |
| 24:13 | Crear | Villager (Male) ×2 |
| 24:24 | Construir | Pasture |
| 24:27 | Crear | Villager (Male) ×2 |
| 24:35 | Construir | Pasture |
| 24:39 | Construir | Lumber Camp |
| 24:45 | Crear | Steppe Lancer |
| 25:16 | Investigar | Iron Casting |
| 25:32 | Investigar | Husbandry |
| 25:41 | Construir | Pasture |
| 26:07 | Crear | Steppe Lancer |
| 26:07 | Crear | Steppe Lancer |
| 26:31 | Crear | Steppe Lancer ×2 |
| 26:31 | Crear | Steppe Lancer ×2 |
| 26:32 | Crear | Villager (Male) ×4 |
| 26:34 | Construir | House |
| 26:34 | Construir | House |
| 26:35 | Construir | House |
| 26:35 | Construir | House |
| 26:35 | Construir | House |
| 26:35 | Construir | House |
| 26:36 | Construir | House |
| 26:47 | Construir | Town Center |
| 27:12 | Crear | Steppe Lancer ×2 |
| 27:12 | Crear | Steppe Lancer ×2 |
| 27:47 | Crear | Steppe Lancer ×2 |
| 27:48 | Crear | Steppe Lancer ×2 |
| 27:49 | Crear | Villager (Male) ×5 |
| 28:02 | Investigar | Bow Saw |
| 28:21 | Crear | Steppe Lancer |
| 28:34 | Crear | Steppe Lancer |
| 28:34 | Crear | Steppe Lancer |
| 28:37 | Crear | Villager (Male) |
| 28:46 | Construir | Pasture |
| 29:26 | Crear | Villager (Male) ×5 |
| 29:44 | Construir | Town Center |
| 29:47 | Crear | Villager (Male) ×5 |
| 29:52 | Crear | Steppe Lancer ×2 |
| 30:07 | Construir | Archery Range |
| 30:10 | Investigar | Fletching |
| 30:12 | Crear | Villager (Male) ×3 |
| 30:22 | Crear | Villager (Male) |
| 30:22 | Crear | Villager (Male) |
| 30:22 | Crear | Villager (Male) |
| 30:30 | Construir | Outpost |
| 30:32 | Construir | Outpost |
| 30:34 | Construir | Outpost |
| 30:39 | Investigar | Padded Archer Armor |
| 30:50 | Investigar | Bodkin Arrow |
| 30:59 | Construir | Archery Range |
| 31:03 | Construir | Archery Range |
| 31:06 | Crear | Genitour ×2 |
| 31:29 | Construir | University |
| 31:32 | Crear | Genitour ×4 |
| 31:32 | Crear | Genitour ×4 |
| 32:12 | Crear | Steppe Lancer |
| 32:12 | Crear | Steppe Lancer |
| 32:14 | Crear | Genitour ×5 |
| 32:16 | Crear | Villager (Male) |
| 32:16 | Crear | Villager (Male) |
| 32:52 | Investigar | Ballistics |
| 32:53 | Crear | Villager (Male) ×5 |
| 32:53 | Crear | Villager (Male) |
| 32:53 | Crear | Villager (Male) |
| 33:12 | Crear | Villager (Male) ×2 |
Build order — médjais
Primeras 150 de 255 acciones detectadas
| 0:07 | Construir | Town Center |
| 1:53 | Construir | Dock |
| 2:32 | Crear | Villager (Male) ×4 |
| 2:38 | Construir | House |
| 3:14 | Investigar | Loom |
| 4:04 | Crear | Fishing Ship |
| 4:23 | Construir | House |
| 4:59 | Crear | Villager (Male) |
| 4:59 | Crear | Villager (Male) |
| 5:10 | Crear | Fishing Ship |
| 5:35 | Crear | Villager (Male) |
| 5:35 | Crear | Villager (Male) |
| 6:13 | Crear | Villager (Male) |
| 6:13 | Crear | Villager (Male) |
| 6:19 | Crear | Fishing Ship |
| 6:30 | Construir | House |
| 6:49 | Crear | Villager (Male) |
| 6:50 | Crear | Villager (Male) |
| 7:21 | Crear | Villager (Male) |
| 7:23 | Crear | Fishing Ship |
| 7:36 | Crear | Villager (Male) |
| 7:37 | Crear | Villager (Male) |
| 7:47 | Crear | Villager (Male) |
| 7:47 | Crear | Villager (Male) |
| 7:57 | Crear | Fishing Ship |
| 8:06 | Crear | Villager (Male) |
| 8:07 | Crear | Villager (Male) |
| 8:32 | Crear | Villager (Male) |
| 8:37 | Construir | House |
| 8:45 | Crear | Villager (Male) |
| 9:20 | Construir | Lumber Camp |
| 9:42 | Crear | Villager (Male) |
| 10:17 | Construir | House |
| 10:34 | Investigar | Feudal Age |
| 10:49 | Crear | Villager (Male) |
| 10:49 | Crear | Villager (Male) |
| 11:07 | Construir | Mining Camp |
| 11:14 | Crear | Villager (Male) |
| 11:48 | Crear | Villager (Male) |
| 12:03 | Crear | Villager (Male) |
| 12:09 | Construir | House |
| 12:26 | Construir | Outpost |
| 12:32 | Construir | Outpost |
| 12:44 | Edad | Edad Feudal |
| 12:47 | Construir | Blacksmith |
| 12:50 | Investigar | Town Watch |
| 12:57 | Crear | Villager (Male) |
| 12:58 | Crear | Villager (Male) |
| 13:01 | Construir | Watch Tower |
| 13:12 | Investigar | Double-Bit Axe |
| 13:16 | Crear | Villager (Male) |
| 13:26 | Investigar | Fletching |
| 13:47 | Construir | Watch Tower |
| 13:55 | Crear | Villager (Male) |
| 13:56 | Crear | Villager (Male) |
| 13:56 | Crear | Villager (Male) |
| 14:17 | Construir | Watch Tower |
| 14:28 | Crear | Villager (Male) |
| 14:28 | Crear | Villager (Male) |
| 15:02 | Construir | Watch Tower |
| 15:05 | Crear | Villager (Male) |
| 15:44 | Construir | Watch Tower |
| 15:54 | Crear | Villager (Male) |
| 15:55 | Crear | Villager (Male) |
| 16:20 | Crear | Villager (Male) |
| 16:24 | Construir | House |
| 16:25 | Construir | House |
| 16:36 | Construir | Watch Tower |
| 16:57 | Crear | Villager (Male) |
| 17:01 | Construir | House |
| 17:05 | Crear | Villager (Male) |
| 17:09 | Crear | Fishing Ship |
| 17:33 | Crear | Villager (Male) |
| 17:59 | Construir | Watch Tower |
| 18:03 | Crear | Villager (Male) |
| 18:03 | Crear | Villager (Male) |
| 18:07 | Construir | Palisade Wall |
| 18:09 | Construir | Palisade Wall |
| 18:45 | Crear | Villager (Male) |
| 18:45 | Crear | Villager (Male) |
| 19:02 | Construir | Watch Tower |
| 19:35 | Construir | Mill |
| 19:53 | Construir | Palisade Wall |
| 19:55 | Construir | Palisade Wall |
| 20:04 | Crear | Fishing Ship |
| 20:10 | Construir | Mining Camp |
| 20:35 | Construir | House |
| 20:36 | Construir | House |
| 20:41 | Construir | House |
| 20:42 | Construir | House |
| 21:02 | Construir | House |
| 21:19 | Construir | Market |
| 21:37 | Construir | House |
| 22:13 | Construir | House |
| 22:14 | Construir | House |
| 22:18 | Crear | Villager (Male) |
| 22:18 | Crear | Villager (Male) |
| 24:39 | Construir | Lumber Camp |
| 26:20 | Construir | Town Center |
| 26:59 | Construir | Mining Camp |
| 27:34 | Crear | Villager (Male) |
| 28:02 | Investigar | Castle Age |
| 28:57 | Construir | Barracks |
| 29:35 | Construir | Archery Range |
| 29:37 | Construir | Archery Range |
| 30:08 | Crear | Fishing Ship |
| 30:08 | Crear | Fishing Ship |
| 30:09 | Crear | Fishing Ship |
| 30:21 | Construir | House |
| 30:24 | Construir | House |
| 30:42 | Edad | Edad de los Castillos |
| 30:48 | Crear | Cavalry Archer |
| 30:49 | Crear | Cavalry Archer |
| 30:49 | Crear | Cavalry Archer |
| 30:49 | Crear | Cavalry Archer |
| 30:49 | Crear | Cavalry Archer |
| 30:49 | Crear | Cavalry Archer |
| 30:49 | Crear | Cavalry Archer |
| 30:53 | Crear | Villager (Male) |
| 30:53 | Crear | Villager (Male) |
| 31:07 | Construir | Stone Wall |
| 31:20 | Construir | Palisade Wall |
| 31:25 | Crear | Cavalry Archer |
| 31:25 | Crear | Cavalry Archer |
| 31:33 | Crear | Villager (Male) |
| 31:33 | Crear | Villager (Male) |
| 32:01 | Construir | Dock |
| 32:13 | Crear | Cavalry Archer |
| 32:13 | Crear | Cavalry Archer |
| 32:20 | Construir | Gate |
| 32:30 | Crear | Villager (Male) |
| 32:30 | Crear | Villager (Male) |
| 32:53 | Crear | Villager (Male) |
| 32:53 | Crear | Villager (Male) |
| 32:53 | Crear | Villager (Male) |
| 33:02 | Construir | Outpost |
| 33:18 | Construir | Blacksmith |
| 33:25 | Crear | Cavalry Archer |
| 33:25 | Crear | Cavalry Archer |
| 33:25 | Crear | Cavalry Archer |
| 33:25 | Crear | Cavalry Archer |
| 33:26 | Crear | Cavalry Archer |
| 33:34 | Construir | Outpost |
| 33:43 | Construir | House |
| 33:43 | Construir | House |
| 33:50 | Construir | House |
| 34:23 | Investigar | Bodkin Arrow |
| 34:26 | Crear | Villager (Male) |
| 34:29 | Construir | House |
| 34:30 | Construir | House |
Build order — [GDL] turbojj
Primeras 150 de 333 acciones detectadas
| 0:31 | Construir | Dock |
| 0:41 | Construir | Town Center |
| 0:57 | Construir | House |
| 2:51 | Crear | Villager (Male) |
| 2:52 | Crear | Villager (Male) |
| 2:52 | Crear | Villager (Male) |
| 2:52 | Crear | Villager (Male) |
| 2:52 | Crear | Villager (Male) |
| 4:12 | Crear | Villager (Male) |
| 4:12 | Crear | Villager (Male) |
| 4:22 | Investigar | Loom |
| 4:23 | Crear | Villager (Male) |
| 4:23 | Crear | Villager (Male) |
| 4:28 | Crear | Fishing Ship |
| 4:32 | Construir | House |
| 5:01 | Crear | Fishing Ship |
| 5:02 | Crear | Fishing Ship |
| 5:45 | Crear | Villager (Male) |
| 5:46 | Crear | Villager (Male) |
| 6:05 | Crear | Villager (Male) |
| 6:05 | Crear | Villager (Male) |
| 6:28 | Crear | Fishing Ship |
| 6:30 | Crear | Villager (Male) |
| 6:30 | Crear | Villager (Male) |
| 6:51 | Crear | Villager (Male) |
| 7:03 | Construir | House |
| 7:10 | Crear | Villager (Male) |
| 7:29 | Crear | Fishing Ship |
| 7:52 | Crear | Villager (Male) |
| 8:04 | Crear | Villager (Male) |
| 8:08 | Construir | House |
| 8:32 | Crear | Villager (Male) |
| 8:47 | Construir | Lumber Camp |
| 8:49 | Crear | Villager (Male) |
| 9:13 | Crear | Villager (Male) |
| 10:17 | Crear | Villager (Male) |
| 10:17 | Crear | Villager (Male) |
| 10:34 | Construir | House |
| 10:44 | Construir | House |
| 10:48 | Crear | Villager (Male) |
| 10:51 | Crear | Fishing Ship |
| 10:52 | Crear | Fishing Ship |
| 10:56 | Construir | House |
| 11:13 | Construir | House |
| 11:19 | Crear | Villager (Male) |
| 11:28 | Construir | Palisade Wall |
| 11:30 | Construir | Palisade Wall |
| 11:38 | Investigar | Feudal Age |
| 12:11 | Construir | Mill |
| 12:48 | Construir | Dock |
| 13:36 | Construir | House |
| 14:02 | Construir | House |
| 14:03 | Construir | Palisade Wall |
| 14:09 | Edad | Edad Feudal |
| 14:19 | Construir | Market |
| 14:29 | Construir | Blacksmith |
| 14:37 | Crear | Villager (Male) |
| 14:37 | Crear | Villager (Male) |
| 15:10 | Construir | Palisade Gate |
| 15:38 | Investigar | Castle Age |
| 15:38 | Investigar | Castle Age |
| 15:45 | Construir | Mining Camp |
| 15:53 | Construir | Palisade Wall |
| 15:54 | Construir | Palisade Wall |
| 16:13 | Construir | Outpost |
| 16:57 | Construir | Mining Camp |
| 17:32 | Construir | House |
| 17:44 | Construir | House |
| 17:49 | Construir | House |
| 18:09 | Investigar | Fletching |
| 18:09 | Investigar | Fletching |
| 18:18 | Edad | Edad de los Castillos |
| 19:07 | Construir | Castle |
| 19:58 | Construir | Palisade Wall |
| 20:25 | Crear | Villager (Male) |
| 20:50 | Crear | Villager (Male) |
| 20:50 | Crear | Villager (Male) |
| 20:54 | Crear | Keshik |
| 21:01 | Construir | Siege Workshop |
| 21:37 | Construir | Mill |
| 22:01 | Crear | Mangonel |
| 22:17 | Construir | Farm |
| 22:18 | Construir | Farm |
| 22:37 | Construir | Farm |
| 22:43 | Crear | Scorpion |
| 23:15 | Crear | Mangonel |
| 23:15 | Crear | Mangonel |
| 23:49 | Crear | Villager (Male) |
| 23:49 | Crear | Villager (Male) |
| 23:57 | Crear | Mangonel |
| 24:16 | Crear | Villager (Male) |
| 25:00 | Crear | Villager (Male) |
| 25:00 | Crear | Villager (Male) |
| 25:41 | Construir | Farm |
| 26:41 | Construir | Farm |
| 26:57 | Crear | Villager (Male) |
| 26:58 | Crear | Villager (Male) |
| 26:58 | Crear | Villager (Male) |
| 27:29 | Construir | Town Center |
| 27:50 | Crear | Villager (Male) |
| 27:50 | Crear | Villager (Male) |
| 27:51 | Crear | Villager (Male) |
| 28:53 | Construir | Market |
| 29:01 | Construir | Lumber Camp |
| 29:06 | Crear | Villager (Male) |
| 29:06 | Crear | Villager (Male) |
| 29:24 | Crear | Villager (Male) |
| 29:31 | Construir | Farm |
| 29:32 | Construir | Farm |
| 29:33 | Construir | Farm |
| 29:42 | Construir | Farm |
| 29:42 | Construir | Farm |
| 29:45 | Crear | Villager (Male) |
| 29:45 | Crear | Villager (Male) |
| 30:02 | Construir | House |
| 30:09 | Construir | Outpost |
| 30:09 | Crear | Villager (Male) |
| 30:16 | Construir | Farm |
| 30:17 | Construir | Farm |
| 30:19 | Construir | Farm |
| 30:28 | Crear | Villager (Male) |
| 30:29 | Crear | Villager (Male) |
| 30:29 | Crear | Villager (Male) |
| 30:37 | Investigar | Double-Bit Axe |
| 30:41 | Crear | Villager (Male) |
| 30:41 | Crear | Villager (Male) |
| 30:42 | Crear | Villager (Male) |
| 31:03 | Crear | Villager (Male) |
| 31:03 | Crear | Villager (Male) |
| 31:11 | Crear | Villager (Male) |
| 31:15 | Construir | Farm |
| 31:19 | Construir | Farm |
| 31:24 | Construir | Farm |
| 31:26 | Crear | Villager (Male) |
| 31:26 | Crear | Villager (Male) |
| 31:26 | Crear | Villager (Male) |
| 31:49 | Crear | Villager (Male) |
| 32:23 | Crear | Villager (Male) |
| 32:23 | Crear | Villager (Male) |
| 32:23 | Crear | Villager (Male) |
| 32:40 | Crear | Villager (Male) |
| 32:40 | Crear | Villager (Male) |
| 32:40 | Crear | Villager (Male) |
| 32:53 | Construir | Town Center |
| 32:59 | Crear | Villager (Male) |
| 32:59 | Crear | Villager (Male) |
| 33:25 | Construir | Farm |
| 33:28 | Construir | Farm |
| 33:32 | Crear | Trade Cart |
| 33:33 | Investigar | Horse Collar |
Build order — Trotti
Primeras 150 de 376 acciones detectadas
| 1:04 | Construir | Town Center |
| 2:08 | Construir | House |
| 3:36 | Crear | Villager (Male) |
| 3:36 | Crear | Villager (Male) |
| 3:36 | Crear | Villager (Male) |
| 3:37 | Crear | Villager (Male) |
| 4:07 | Construir | House |
| 4:33 | Investigar | Loom |
| 4:35 | Crear | Villager (Male) |
| 5:03 | Crear | Villager (Male) |
| 5:19 | Construir | Dock |
| 5:40 | Construir | House |
| 5:50 | Crear | Villager (Male) |
| 6:15 | Crear | Villager (Male) |
| 6:40 | Crear | Villager (Male) |
| 7:03 | Crear | Villager (Male) |
| 7:45 | Crear | Villager (Male) |
| 7:53 | Construir | House |
| 7:54 | Construir | House |
| 7:58 | Crear | Villager (Male) |
| 8:37 | Crear | Villager (Male) |
| 8:51 | Crear | Villager (Male) |
| 8:57 | Crear | Villager (Male) |
| 9:04 | Crear | Fishing Ship |
| 9:49 | Crear | Fishing Ship |
| 9:58 | Construir | Palisade Wall |
| 10:07 | Crear | Villager (Male) |
| 10:08 | Crear | Villager (Male) |
| 10:36 | Construir | Palisade Wall |
| 10:46 | Construir | Palisade Wall |
| 11:03 | Crear | Fishing Ship |
| 11:03 | Crear | Fishing Ship |
| 11:04 | Crear | Fishing Ship |
| 11:04 | Crear | Fishing Ship |
| 11:07 | Crear | Villager (Male) |
| 11:08 | Crear | Villager (Male) |
| 11:35 | Crear | Villager (Male) |
| 11:49 | Construir | House |
| 11:50 | Construir | House |
| 12:11 | Crear | Villager (Male) |
| 12:28 | Construir | Mill |
| 12:48 | Crear | Villager (Male) |
| 12:58 | Construir | House |
| 13:06 | Crear | Villager (Male) |
| 13:07 | Crear | Villager (Male) |
| 13:21 | Construir | Mining Camp |
| 13:26 | Construir | Mining Camp |
| 13:42 | Investigar | Feudal Age |
| 13:48 | Construir | Palisade Wall |
| 13:53 | Construir | Palisade Wall |
| 14:40 | Crear | Villager (Male) |
| 14:41 | Crear | Villager (Male) |
| 15:07 | Crear | Fishing Ship |
| 15:07 | Crear | Fishing Ship |
| 15:07 | Crear | Fishing Ship |
| 15:52 | Edad | Edad Feudal |
| 15:57 | Construir | Market |
| 15:59 | Construir | Blacksmith |
| 16:04 | Construir | House |
| 16:16 | Crear | Villager (Male) |
| 16:19 | Crear | Demolition Raft |
| 16:25 | Crear | Demolition Raft |
| 16:30 | Crear | Fishing Ship |
| 16:36 | Crear | Fishing Ship |
| 17:03 | Investigar | Castle Age |
| 17:03 | Investigar | Castle Age |
| 17:18 | Construir | Lumber Camp |
| 17:49 | Crear | Unit 2626 |
| 18:08 | Investigar | Double-Bit Axe |
| 18:55 | Crear | Villager (Male) |
| 19:20 | Crear | Fire Galley |
| 19:34 | Crear | Villager (Male) |
| 19:47 | Edad | Edad de los Castillos |
| 19:49 | Construir | Town Center |
| 19:56 | Crear | Villager (Male) |
| 20:19 | Crear | Unit 2626 |
| 20:20 | Crear | Fire Galley |
| 21:03 | Crear | Villager (Male) |
| 21:06 | Crear | Villager (Male) |
| 21:07 | Crear | Villager (Male) |
| 21:19 | Construir | Castle |
| 21:26 | Crear | Villager (Male) |
| 21:35 | Investigar | Horse Collar |
| 21:37 | Investigar | Bow Saw |
| 21:44 | Construir | Farm |
| 21:46 | Construir | Farm |
| 21:49 | Construir | Farm |
| 21:51 | Construir | Farm |
| 22:14 | Crear | Villager (Male) |
| 22:14 | Crear | Villager (Male) |
| 22:29 | Crear | Villager (Male) |
| 22:30 | Crear | Villager (Male) |
| 22:43 | Crear | Unit 2626 |
| 22:46 | Crear | Fire Galley |
| 22:49 | Construir | House |
| 22:50 | Construir | House |
| 22:55 | Crear | Conquistador |
| 22:55 | Crear | Conquistador |
| 22:58 | Crear | Villager (Male) |
| 22:58 | Crear | Villager (Male) |
| 23:12 | Investigar | Padded Archer Armor |
| 23:19 | Crear | Villager (Male) |
| 23:20 | Crear | Villager (Male) |
| 23:22 | Construir | Farm |
| 23:37 | Investigar | Heavy Plow |
| 23:39 | Crear | Conquistador |
| 23:42 | Crear | Villager (Male) |
| 23:42 | Crear | Villager (Male) |
| 23:46 | Construir | House |
| 23:47 | Construir | House |
| 24:02 | Crear | Conquistador |
| 24:02 | Crear | Conquistador |
| 24:21 | Construir | Town Center |
| 24:26 | Crear | Villager (Male) |
| 24:26 | Crear | Villager (Male) |
| 24:36 | Crear | Villager (Male) |
| 24:36 | Crear | Villager (Male) |
| 24:38 | Construir | Farm |
| 24:53 | Crear | Villager (Male) |
| 24:53 | Crear | Villager (Male) |
| 24:54 | Crear | Villager (Male) |
| 25:16 | Crear | Villager (Male) |
| 25:16 | Crear | Villager (Male) |
| 25:28 | Construir | House |
| 25:29 | Construir | House |
| 25:30 | Construir | House |
| 25:30 | Construir | House |
| 25:33 | Crear | Conquistador |
| 25:45 | Crear | Villager (Male) |
| 25:45 | Crear | Villager (Male) |
| 25:47 | Construir | Farm |
| 26:16 | Construir | Farm |
| 26:20 | Construir | Farm |
| 26:20 | Construir | Farm |
| 26:21 | Construir | Farm |
| 26:21 | Construir | Farm |
| 26:31 | Investigar | Wheelbarrow |
| 26:32 | Crear | Villager (Male) ×4 |
| 26:38 | Crear | Conquistador |
| 26:38 | Crear | Conquistador |
| 27:06 | Construir | Barracks |
| 27:08 | Crear | Villager (Male) ×5 |
| 27:30 | Crear | Conquistador |
| 27:43 | Construir | Town Center |
| 27:50 | Investigar | Town Watch |
| 27:52 | Crear | Conquistador ×3 |
| 28:14 | Construir | Stable |
| 28:16 | Crear | Villager (Male) ×5 |
| 28:21 | Construir | Mill |
| 28:27 | Crear | Villager (Male) |
Build order — Benjaiper
Primeras 150 de 330 acciones detectadas
| 0:25 | Construir | Town Center |
| 0:46 | Construir | Dock |
| 1:09 | Construir | Palisade Wall |
| 1:11 | Construir | Palisade Wall |
| 1:47 | Construir | Palisade Wall |
| 2:43 | Crear | Villager (Male) |
| 2:43 | Crear | Villager (Male) |
| 2:44 | Crear | Villager (Male) |
| 2:44 | Crear | Villager (Male) |
| 2:44 | Crear | Villager (Male) |
| 2:52 | Construir | House |
| 3:52 | Crear | Villager (Male) |
| 4:13 | Crear | Fishing Ship |
| 4:45 | Construir | House |
| 5:03 | Crear | Villager (Male) |
| 5:03 | Crear | Villager (Male) |
| 5:25 | Crear | Villager (Male) |
| 5:57 | Construir | Palisade Wall |
| 5:59 | Construir | Palisade Wall |
| 6:00 | Construir | Palisade Wall |
| 6:06 | Crear | Villager (Male) |
| 6:08 | Crear | Villager (Male) |
| 6:09 | Crear | Villager (Male) |
| 6:45 | Construir | House |
| 6:47 | Crear | Villager (Male) |
| 7:03 | Crear | Villager (Male) |
| 7:10 | Crear | Fishing Ship |
| 7:11 | Crear | Villager (Male) |
| 7:55 | Crear | Fishing Ship |
| 8:18 | Crear | Villager (Male) |
| 8:32 | Crear | Villager (Male) |
| 8:35 | Crear | Fishing Ship |
| 8:43 | Crear | Villager (Male) |
| 8:45 | Construir | House |
| 8:49 | Investigar | Loom |
| 9:04 | Crear | Villager (Male) |
| 9:15 | Construir | Palisade Wall |
| 9:22 | Construir | Palisade Wall |
| 9:27 | Construir | Palisade Wall |
| 9:42 | Crear | Villager (Male) |
| 9:43 | Crear | Villager (Male) |
| 9:46 | Crear | Fishing Ship |
| 9:51 | Construir | House |
| 10:09 | Construir | Palisade Wall |
| 10:22 | Construir | Palisade Wall |
| 10:24 | Construir | Palisade Wall |
| 10:26 | Construir | Palisade Wall |
| 10:27 | Construir | Palisade Wall |
| 10:38 | Crear | Villager (Male) |
| 10:39 | Crear | Villager (Male) |
| 10:51 | Crear | Villager (Male) |
| 10:52 | Crear | Fishing Ship |
| 11:00 | Crear | Villager (Male) |
| 11:27 | Construir | Mill |
| 11:31 | Crear | Villager (Male) |
| 11:41 | Crear | Fishing Ship |
| 12:04 | Investigar | Feudal Age |
| 12:48 | Construir | Mining Camp |
| 12:53 | Construir | House |
| 14:14 | Edad | Edad Feudal |
| 14:21 | Construir | Market |
| 14:26 | Construir | Blacksmith |
| 14:42 | Construir | Mining Camp |
| 15:29 | Investigar | Castle Age |
| 15:40 | Crear | Villager (Male) |
| 15:52 | Crear | Villager (Male) |
| 16:16 | Construir | Watch Tower |
| 16:20 | Crear | Villager (Male) |
| 17:04 | Investigar | Fletching |
| 17:42 | Construir | Palisade Wall |
| 17:55 | Crear | Villager (Male) |
| 17:56 | Crear | Villager (Male) |
| 17:58 | Crear | Villager (Male) |
| 18:09 | Edad | Edad de los Castillos |
| 18:19 | Construir | Lumber Camp |
| 19:24 | Construir | Town Center |
| 19:29 | Crear | Villager (Male) |
| 20:07 | Crear | Villager (Male) |
| 20:17 | Crear | Villager (Male) |
| 20:17 | Crear | Villager (Male) |
| 20:21 | Crear | Villager (Male) |
| 20:33 | Crear | Villager (Male) |
| 21:03 | Crear | Villager (Male) |
| 21:09 | Construir | Mill |
| 21:42 | Crear | Villager (Male) |
| 21:43 | Crear | Villager (Male) |
| 21:57 | Crear | Villager (Male) |
| 22:04 | Construir | Palisade Wall |
| 22:06 | Crear | Villager (Male) |
| 22:13 | Construir | Mining Camp |
| 23:19 | Crear | Villager (Male) |
| 23:25 | Construir | Lumber Camp |
| 23:30 | Crear | Villager (Male) |
| 23:31 | Crear | Villager (Male) |
| 23:39 | Crear | Villager (Male) |
| 23:44 | Construir | House |
| 23:45 | Construir | House |
| 23:53 | Crear | Villager (Male) |
| 24:07 | Construir | House |
| 24:14 | Crear | Villager (Male) |
| 25:19 | Construir | House |
| 25:25 | Construir | House |
| 25:34 | Construir | Palisade Wall |
| 25:36 | Construir | Palisade Wall |
| 25:44 | Crear | Villager (Male) |
| 26:04 | Crear | Villager (Male) |
| 26:26 | Construir | Town Center |
| 26:51 | Crear | Villager (Male) |
| 27:14 | Investigar | Double-Bit Axe |
| 27:15 | Investigar | Double-Bit Axe |
| 27:50 | Crear | Villager (Male) |
| 28:15 | Crear | Villager (Male) |
| 28:16 | Crear | Villager (Male) |
| 28:20 | Crear | Villager (Male) |
| 28:22 | Crear | Villager (Male) |
| 29:22 | Crear | Villager (Male) |
| 29:23 | Crear | Villager (Male) |
| 29:28 | Construir | Farm |
| 29:28 | Construir | Farm |
| 29:29 | Construir | Farm |
| 29:29 | Construir | Farm |
| 29:29 | Construir | Farm |
| 29:29 | Construir | Farm |
| 29:30 | Crear | Villager (Male) |
| 29:30 | Crear | Villager (Male) |
| 29:39 | Construir | Farm |
| 29:47 | Crear | Villager (Male) |
| 29:48 | Crear | Villager (Male) |
| 29:48 | Crear | Villager (Male) |
| 30:34 | Crear | Villager (Male) |
| 30:34 | Crear | Villager (Male) |
| 30:45 | Crear | Villager (Male) |
| 30:45 | Crear | Villager (Male) |
| 30:49 | Construir | Farm |
| 30:51 | Construir | Farm |
| 31:32 | Crear | Villager (Male) |
| 31:38 | Construir | Town Center |
| 31:42 | Crear | Villager (Male) |
| 31:43 | Crear | Villager (Male) |
| 31:43 | Crear | Villager (Male) |
| 32:28 | Crear | Villager (Male) |
| 33:11 | Crear | Villager (Male) |
| 33:11 | Crear | Villager (Male) |
| 33:12 | Crear | Villager (Male) |
| 33:51 | Crear | Villager (Male) |
| 33:51 | Crear | Villager (Male) |
| 33:51 | Crear | Villager (Male) |
| 33:52 | Crear | Villager (Male) |
| 33:54 | Construir | Farm |
| 34:08 | Crear | Villager (Male) |
Build order — word马亚
Primeras 150 de 366 acciones detectadas
| 0:21 | Construir | Town Center |
| 1:43 | Construir | Dock |
| 1:46 | Construir | House |
| 2:39 | Crear | Villager (Male) |
| 2:39 | Crear | Villager (Male) |
| 2:39 | Crear | Villager (Male) |
| 2:40 | Crear | Villager (Male) |
| 2:40 | Crear | Villager (Male) |
| 3:51 | Investigar | Loom |
| 3:51 | Investigar | Loom |
| 3:58 | Construir | House |
| 4:03 | Construir | House |
| 4:12 | Crear | Fishing Ship |
| 4:17 | Construir | House |
| 4:28 | Crear | Villager (Male) |
| 4:29 | Crear | Villager (Male) |
| 4:32 | Crear | Fishing Ship |
| 4:32 | Crear | Fishing Ship |
| 5:10 | Crear | Villager (Male) |
| 5:11 | Crear | Villager (Male) |
| 5:13 | Construir | House |
| 5:53 | Crear | Villager (Male) |
| 6:11 | Crear | Villager (Male) |
| 6:11 | Crear | Villager (Male) |
| 6:31 | Crear | Fishing Ship |
| 6:31 | Crear | Fishing Ship |
| 6:39 | Crear | Villager (Male) |
| 6:39 | Crear | Villager (Male) |
| 6:47 | Crear | Villager (Male) |
| 6:47 | Crear | Villager (Male) |
| 7:04 | Construir | House |
| 7:06 | Crear | Villager (Male) |
| 7:06 | Crear | Villager (Male) |
| 7:46 | Crear | Fishing Ship |
| 7:46 | Crear | Fishing Ship |
| 7:48 | Crear | Villager (Male) |
| 7:48 | Crear | Villager (Male) |
| 7:49 | Crear | Villager (Male) |
| 8:08 | Crear | Villager (Male) |
| 8:08 | Crear | Villager (Male) |
| 8:08 | Crear | Villager (Male) |
| 8:21 | Crear | Villager (Male) |
| 8:21 | Crear | Villager (Male) |
| 8:21 | Crear | Villager (Male) |
| 8:28 | Construir | House |
| 8:47 | Crear | Fishing Ship |
| 8:49 | Crear | Villager (Male) |
| 9:09 | Construir | House |
| 10:07 | Construir | Mill |
| 10:28 | Crear | Villager (Male) |
| 10:43 | Construir | House |
| 10:46 | Investigar | Feudal Age |
| 11:37 | Construir | Mining Camp |
| 11:53 | Construir | Lumber Camp |
| 12:28 | Construir | Outpost |
| 12:57 | Crear | Villager (Male) |
| 12:57 | Crear | Villager (Male) |
| 13:10 | Construir | Palisade Wall |
| 13:11 | Construir | Palisade Wall |
| 13:13 | Edad | Edad Feudal |
| 13:14 | Construir | Palisade Wall |
| 13:26 | Crear | Villager (Male) |
| 13:39 | Construir | Market |
| 13:41 | Construir | Blacksmith |
| 13:58 | Crear | Villager (Male) |
| 14:00 | Construir | Mining Camp |
| 14:32 | Construir | House |
| 15:02 | Construir | Watch Tower |
| 15:12 | Investigar | Castle Age |
| 15:12 | Investigar | Castle Age |
| 15:12 | Investigar | Castle Age |
| 15:34 | Construir | Palisade Wall |
| 15:37 | Construir | Palisade Wall |
| 15:39 | Construir | Palisade Wall |
| 15:49 | Construir | Palisade Wall |
| 15:52 | Construir | Palisade Wall |
| 15:56 | Construir | Palisade Wall |
| 16:01 | Construir | House |
| 16:07 | Investigar | Fletching |
| 16:19 | Construir | Palisade Wall |
| 16:48 | Construir | Palisade Wall |
| 16:49 | Construir | Palisade Wall |
| 16:50 | Construir | Palisade Wall |
| 17:52 | Edad | Edad de los Castillos |
| 17:55 | Crear | Villager (Male) |
| 18:16 | Crear | Villager (Male) |
| 18:18 | Crear | Villager (Male) |
| 18:23 | Construir | Castle |
| 18:33 | Construir | House |
| 18:42 | Crear | Villager (Male) |
| 19:28 | Crear | Villager (Male) |
| 19:40 | Construir | University |
| 19:41 | Crear | Villager (Male) |
| 19:48 | Investigar | Double-Bit Axe |
| 19:48 | Investigar | Double-Bit Axe |
| 20:20 | Crear | Villager (Male) |
| 20:34 | Crear | Plumed Archer |
| 20:46 | Crear | Villager (Male) |
| 20:59 | Crear | Plumed Archer |
| 21:04 | Crear | Villager (Male) |
| 21:24 | Crear | Villager (Male) |
| 21:29 | Construir | House |
| 21:32 | Construir | Palisade Wall |
| 21:40 | Construir | Town Center |
| 21:45 | Crear | Plumed Archer |
| 21:48 | Investigar | Bodkin Arrow |
| 21:48 | Investigar | Bodkin Arrow |
| 21:50 | Crear | Plumed Archer |
| 21:50 | Crear | Plumed Archer |
| 21:51 | Crear | Plumed Archer |
| 22:02 | Crear | Plumed Archer |
| 22:02 | Crear | Plumed Archer |
| 22:02 | Crear | Plumed Archer |
| 22:11 | Construir | House |
| 22:14 | Construir | House |
| 22:21 | Crear | Villager (Male) |
| 22:21 | Crear | Villager (Male) |
| 22:40 | Crear | Plumed Archer |
| 23:08 | Crear | Plumed Archer |
| 23:25 | Investigar | Padded Archer Armor |
| 23:26 | Crear | Plumed Archer |
| 23:59 | Crear | Villager (Male) |
| 24:02 | Crear | Plumed Archer |
| 24:22 | Crear | Villager (Male) |
| 24:34 | Crear | Villager (Male) |
| 24:34 | Crear | Villager (Male) |
| 24:37 | Investigar | Ballistics |
| 24:38 | Crear | Plumed Archer |
| 24:42 | Crear | Villager (Male) |
| 24:42 | Crear | Villager (Male) |
| 24:43 | Crear | Villager (Male) |
| 24:43 | Crear | Villager (Male) |
| 24:48 | Crear | Villager (Male) |
| 24:49 | Crear | Plumed Archer |
| 24:49 | Crear | Plumed Archer |
| 24:50 | Crear | Plumed Archer |
| 25:04 | Crear | Plumed Archer |
| 25:05 | Crear | Villager (Male) |
| 25:05 | Crear | Villager (Male) |
| 25:15 | Construir | Farm |
| 25:27 | Crear | Plumed Archer |
| 25:27 | Crear | Plumed Archer |
| 25:32 | Crear | Villager (Male) |
| 25:32 | Crear | Villager (Male) |
| 25:32 | Crear | Villager (Male) |
| 25:32 | Crear | Villager (Male) |
| 25:59 | Crear | Plumed Archer |
| 26:00 | Crear | Villager (Male) |
| 26:00 | Crear | Villager (Male) |
| 26:10 | Crear | Plumed Archer |
Build order — EMALI
Primeras 150 de 357 acciones detectadas
| 0:09 | Construir | Town Center |
| 0:47 | Construir | Dock |
| 0:54 | Construir | House |
| 2:29 | Crear | Villager (Male) |
| 2:29 | Crear | Villager (Male) |
| 2:29 | Crear | Villager (Male) ×3 |
| 2:30 | Crear | Villager (Male) ×2 |
| 3:25 | Crear | Fishing Ship |
| 3:55 | Crear | Villager (Male) |
| 3:55 | Crear | Villager (Male) |
| 4:07 | Construir | House |
| 4:39 | Crear | Fishing Ship |
| 4:39 | Crear | Fishing Ship |
| 4:51 | Crear | Villager (Male) |
| 4:51 | Crear | Villager (Male) |
| 4:51 | Crear | Villager (Male) |
| 5:27 | Crear | Villager (Male) |
| 5:27 | Crear | Villager (Male) |
| 5:28 | Crear | Fishing Ship |
| 5:29 | Crear | Fishing Ship |
| 5:57 | Crear | Fishing Ship |
| 5:58 | Crear | Fishing Ship |
| 6:03 | Crear | Villager (Male) |
| 6:04 | Crear | Villager (Male) |
| 6:04 | Crear | Villager (Male) |
| 6:29 | Crear | Villager (Male) |
| 6:29 | Crear | Villager (Male) |
| 6:37 | Construir | House |
| 6:43 | Crear | Villager (Male) |
| 6:43 | Crear | Villager (Male) |
| 6:43 | Crear | Villager (Male) |
| 7:11 | Crear | Villager (Male) |
| 7:14 | Crear | Fishing Ship |
| 7:33 | Crear | Fishing Ship |
| 7:56 | Construir | House |
| 7:59 | Crear | Villager (Male) |
| 8:19 | Crear | Villager (Male) |
| 8:39 | Crear | Fishing Ship |
| 8:49 | Crear | Villager (Male) |
| 9:02 | Crear | Villager (Male) |
| 9:05 | Crear | Fishing Ship |
| 9:24 | Construir | Mill |
| 9:39 | Construir | Lumber Camp |
| 9:40 | Crear | Villager (Male) |
| 10:30 | Investigar | Feudal Age |
| 10:30 | Investigar | Feudal Age |
| 10:39 | Construir | Mining Camp |
| 11:26 | Construir | Dock |
| 11:34 | Construir | House |
| 11:52 | Construir | House |
| 12:24 | Crear | Villager (Male) |
| 12:33 | Construir | Dock |
| 12:40 | Edad | Edad Feudal |
| 12:41 | Crear | Unit 2626 |
| 12:41 | Crear | Unit 2626 |
| 12:41 | Crear | Unit 2626 |
| 12:50 | Investigar | Double-Bit Axe |
| 12:50 | Investigar | Double-Bit Axe |
| 12:51 | Crear | Villager (Male) |
| 12:58 | Construir | House |
| 13:23 | Crear | Unit 2626 |
| 13:23 | Crear | Unit 2626 |
| 13:29 | Crear | Villager (Male) |
| 13:40 | Crear | Villager (Male) |
| 13:51 | Construir | Mill |
| 13:55 | Crear | Villager (Male) |
| 14:30 | Crear | Villager (Male) |
| 14:38 | Crear | Unit 2626 |
| 14:38 | Crear | Unit 2626 |
| 14:48 | Construir | House |
| 15:02 | Crear | Unit 2626 |
| 15:13 | Crear | Villager (Male) |
| 15:13 | Crear | Villager (Male) |
| 15:21 | Crear | Villager (Male) |
| 15:49 | Crear | Fishing Ship |
| 15:49 | Crear | Fishing Ship |
| 16:05 | Crear | Villager (Male) |
| 16:06 | Crear | Villager (Male) |
| 16:09 | Construir | Market |
| 16:33 | Crear | Villager (Male) |
| 16:35 | Construir | House |
| 16:36 | Construir | House |
| 16:43 | Crear | Fishing Ship |
| 17:00 | Construir | Blacksmith |
| 17:02 | Construir | Palisade Wall |
| 17:25 | Construir | Barracks |
| 17:46 | Investigar | Castle Age |
| 17:47 | Investigar | Castle Age |
| 17:47 | Investigar | Castle Age |
| 18:24 | Construir | Stable |
| 18:29 | Construir | Stable |
| 18:45 | Investigar | Scale Barding Armor |
| 18:54 | Crear | Fishing Ship |
| 18:55 | Crear | Fishing Ship |
| 19:35 | Investigar | Forging |
| 19:58 | Construir | Stable |
| 20:01 | Investigar | Bloodlines |
| 20:25 | Crear | Villager (Male) |
| 20:26 | Edad | Edad de los Castillos |
| 20:28 | Crear | Knight |
| 20:28 | Crear | Knight |
| 20:28 | Crear | Knight |
| 20:56 | Crear | Knight |
| 20:56 | Crear | Knight |
| 20:56 | Crear | Knight |
| 20:57 | Crear | Knight |
| 20:57 | Crear | Knight |
| 21:04 | Crear | Villager (Male) |
| 21:05 | Crear | Villager (Male) |
| 21:10 | Construir | Town Center |
| 21:34 | Construir | House |
| 21:35 | Construir | House |
| 21:38 | Construir | House |
| 22:00 | Crear | Knight |
| 22:00 | Crear | Knight |
| 22:13 | Investigar | Chain Barding Armor |
| 22:43 | Crear | Villager (Male) |
| 22:43 | Crear | Villager (Male) |
| 22:49 | Construir | Farm |
| 22:49 | Construir | Farm |
| 22:49 | Construir | Farm |
| 22:49 | Construir | Farm |
| 22:49 | Construir | Farm |
| 22:50 | Construir | Farm |
| 22:50 | Construir | Farm |
| 23:03 | Crear | Villager (Male) |
| 23:05 | Crear | Knight |
| 23:05 | Crear | Knight |
| 23:36 | Crear | Villager (Male) |
| 23:38 | Crear | Knight |
| 23:38 | Crear | Knight |
| 23:46 | Crear | Villager (Male) |
| 23:46 | Crear | Villager (Male) |
| 23:53 | Construir | Farm |
| 23:54 | Crear | Villager (Male) |
| 24:11 | Crear | Knight |
| 24:12 | Crear | Knight |
| 24:12 | Crear | Knight |
| 24:12 | Crear | Knight |
| 24:14 | Crear | Knight |
| 24:14 | Crear | Knight |
| 24:32 | Crear | Villager (Male) |
| 25:08 | Crear | Knight |
| 25:09 | Crear | Knight |
| 25:09 | Crear | Knight |
| 25:31 | Crear | Villager (Male) |
| 25:33 | Crear | Knight |
| 25:33 | Crear | Knight |
| 26:15 | Crear | Villager (Male) |
| 26:15 | Crear | Villager (Male) |
Cronología de la partida
| 0:31 | [GDL] turbojj · first_building Dock |
| 0:46 | Benjaiper · first_building Dock |
| 0:47 | EMALI · first_building Dock |
| 0:53 | Dango · first_building Dock |
| 1:09 | Benjaiper · wall_segment Palisade Wall x1 |
| 1:11 | Benjaiper · wall_segment Palisade Wall x1 |
| 1:26 | Joaquin12 · first_building Dock |
| 1:43 | word马亚 · first_building Dock |
| 1:47 | Benjaiper · wall_segment Palisade Wall x1 |
| 1:53 | médjais · first_building Dock |
| 5:19 | Trotti · first_building Dock |
| 5:57 | Benjaiper · wall_segment Palisade Wall x1 |
| 5:59 | Benjaiper · wall_segment Palisade Wall x1 |
| 6:00 | Benjaiper · wall_segment Palisade Wall x1 |
| 9:15 | Benjaiper · wall_segment Palisade Wall x1 |
| 9:22 | Benjaiper · wall_segment Palisade Wall x1 |
| 9:27 | Benjaiper · wall_segment Palisade Wall x1 |
| 9:58 | Trotti · wall_segment Palisade Wall x1 |
| 10:09 | Benjaiper · wall_segment Palisade Wall x1 |
| 10:22 | Benjaiper · wall_segment Palisade Wall x1 |
| 10:24 | Benjaiper · wall_segment Palisade Wall x1 |
| 10:26 | Benjaiper · wall_segment Palisade Wall x1 |
| 10:27 | Benjaiper · wall_segment Palisade Wall x1 |
| 10:36 | Trotti · wall_segment Palisade Wall x1 |
| 10:46 | Trotti · wall_segment Palisade Wall x1 |
| 11:28 | [GDL] turbojj · wall_segment Palisade Wall x1 |
| 11:30 | [GDL] turbojj · wall_segment Palisade Wall x14 |
| 12:40 | EMALI · age_up feudal |
| 12:44 | médjais · age_up feudal |
| 13:10 | word马亚 · wall_segment Palisade Wall x1 |
| 13:11 | word马亚 · wall_segment Palisade Wall x1 |
| 13:13 | word马亚 · age_up feudal |
| 13:14 | word马亚 · wall_segment Palisade Wall x1 |
| 13:48 | Trotti · wall_segment Palisade Wall x1 |
| 13:53 | Joaquin12 · age_up feudal |
| 13:53 | Trotti · wall_segment Palisade Wall x1 |
| 14:03 | [GDL] turbojj · wall_segment Palisade Wall x4 |
| 14:09 | [GDL] turbojj · age_up feudal |
| 14:14 | Benjaiper · age_up feudal |
| 14:17 | Dango · age_up feudal |
| 15:11 | word马亚 · first_market_sell 100 wood |
| 15:26 | Benjaiper · first_market_sell 100 wood |
| 15:27 | [GDL] turbojj · first_market_buy 100 food |
| 15:28 | [GDL] turbojj · first_market_sell 100 wood |
| 15:34 | word马亚 · wall_segment Palisade Wall x1 |
| 15:37 | word马亚 · wall_segment Palisade Wall x1 |
| 15:39 | word马亚 · wall_segment Palisade Wall x1 |
| 15:49 | word马亚 · wall_segment Palisade Wall x1 |
| 15:52 | Trotti · age_up feudal |
| 15:52 | word马亚 · wall_segment Palisade Wall x1 |
| 15:53 | [GDL] turbojj · wall_segment Palisade Wall x1 |
| 15:54 | [GDL] turbojj · wall_segment Palisade Wall x1 |
| 15:56 | word马亚 · wall_segment Palisade Wall x1 |
| 16:09 | Benjaiper · first_market_buy 100 wood |
| 16:19 | word马亚 · wall_segment Palisade Wall x1 |
| 16:22 | Dango · wall_segment Palisade Wall x7 |
| 16:23 | Joaquin12 · first_building Barracks |
| 16:48 | word马亚 · wall_segment Palisade Wall x1 |
| 16:49 | word马亚 · wall_segment Palisade Wall x1 |
| 16:50 | word马亚 · wall_segment Palisade Wall x1 |
| 17:02 | EMALI · wall_segment Palisade Wall x1 |
| 17:25 | EMALI · first_building Barracks |
| 17:29 | Joaquin12 · first_building Stable |
| 17:42 | Benjaiper · wall_segment Palisade Wall x1 |
| 17:51 | Dango · age_up castle |
| 17:52 | word马亚 · age_up castle |
| 17:55 | Dango · first_building Krepost |
| 18:07 | médjais · wall_segment Palisade Wall x1 |
| 18:09 | médjais · wall_segment Palisade Wall x1 |
| 18:09 | Benjaiper · age_up castle |
| 18:18 | [GDL] turbojj · age_up castle |
| 18:23 | word马亚 · first_building Castle |
| 18:24 | EMALI · first_building Stable |
| 18:25 | Dango · first_market_buy 100 stone |
| 18:38 | Joaquin12 · age_up castle |
| 19:07 | [GDL] turbojj · first_building Castle |
| 19:47 | Trotti · age_up castle |
| 19:53 | médjais · wall_segment Palisade Wall x1 |
| 19:55 | médjais · wall_segment Palisade Wall x1 |
| 19:58 | [GDL] turbojj · wall_segment Palisade Wall x1 |
| 20:26 | EMALI · age_up castle |
| 21:01 | [GDL] turbojj · first_building Siege Workshop |
| 21:19 | Trotti · first_building Castle |
| 21:32 | word马亚 · wall_segment Palisade Wall x1 |
| 22:04 | Benjaiper · wall_segment Palisade Wall x10 |
| 22:08 | EMALI · first_market_sell 100 wood |
| 23:11 | Dango · wall_segment Palisade Wall x1 |
| 23:12 | Dango · wall_segment Palisade Wall x1 |
| 23:48 | médjais · first_market_sell 100 wood |
| 23:51 | médjais · first_market_buy 100 food |
| 24:34 | Trotti · first_market_buy 100 food |
| 25:34 | Benjaiper · wall_segment Palisade Wall x1 |
| 25:36 | Benjaiper · wall_segment Palisade Wall x1 |
| 26:00 | Dango · first_market_sell 100 stone |
| 27:06 | Trotti · first_building Barracks |
| 28:14 | Trotti · first_building Stable |
| 28:21 | word马亚 · wall_segment Palisade Wall x1 |
| 28:45 | Dango · first_building Castle |
| 28:57 | médjais · first_building Barracks |
| 29:20 | EMALI · first_market_buy 100 food |
| 29:35 | médjais · first_building Archery Range |
| 29:41 | Joaquin12 · first_market_buy 100 stone |
| 30:07 | Joaquin12 · first_building Archery Range |
| 30:42 | médjais · age_up castle |
| 31:07 | médjais · wall_segment Stone Wall x12 |
| 31:20 | médjais · wall_segment Palisade Wall x1 |
| 33:30 | EMALI · first_building Monastery |
| 33:36 | Dango · first_building Barracks |
| 33:56 | Dango · first_building Monastery |
| 34:22 | Dango · first_building Stable |
| 34:28 | Joaquin12 · first_building Castle |
| 34:33 | EMALI · first_building Siege Workshop |
| 35:46 | médjais · first_building Stable |
| 36:36 | Trotti · first_building Monastery |
| 39:04 | Dango · tribute_sent a jugador 1 |
| 39:04 | Dango · tribute_sent a jugador 2 |
| 39:04 | Dango · tribute_sent a jugador 3 |
| 39:04 | Dango · tribute_sent a jugador 4 |
| 39:04 | Dango · tribute_sent a jugador 5 |
| 39:04 | Dango · tribute_sent a jugador 6 |
| 39:04 | Dango · tribute_sent a jugador 7 |
| 39:28 | word马亚 · wall_segment Stone Wall x1 |
| 39:35 | Dango · tribute_sent a jugador 1 |
| 39:35 | Dango · tribute_sent a jugador 2 |
| 39:35 | Dango · tribute_sent a jugador 3 |
| 39:35 | Dango · tribute_sent a jugador 4 |
| 39:35 | Dango · tribute_sent a jugador 5 |
| 39:35 | Dango · tribute_sent a jugador 6 |
| 39:35 | Dango · tribute_sent a jugador 7 |
| 39:43 | Trotti · first_market_sell 500 food |
| 40:16 | Dango · wall_segment Stone Wall x21 |
| 40:51 | Benjaiper · first_building Castle |
| 41:07 | Dango · tribute_sent a jugador 1 |
| 41:07 | Dango · tribute_sent a jugador 2 |
| 41:07 | Dango · tribute_sent a jugador 3 |
| 41:07 | Dango · tribute_sent a jugador 4 |
| 41:07 | Dango · tribute_sent a jugador 5 |
| 41:07 | Dango · tribute_sent a jugador 6 |
| 41:07 | Dango · tribute_sent a jugador 7 |
| 41:27 | Benjaiper · first_building Barracks |
| 41:30 | EMALI · first_building Castle |
| 41:46 | word马亚 · wall_segment Stone Wall x8 |
| 42:03 | Dango · wall_segment Stone Wall x15 |
| 42:03 | Benjaiper · first_building Archery Range |
| 42:56 | Trotti · age_up imperial |
| 43:00 | EMALI · age_up imperial |
| 44:10 | [GDL] turbojj · first_building Barracks |
| 44:22 | Joaquin12 · first_market_sell 500 stone |
| 44:28 | médjais · first_building Castle |
| 44:47 | [GDL] turbojj · age_up imperial |
| 45:13 | Joaquin12 · first_building Siege Workshop |
| 45:35 | Dango · age_up imperial |
| 46:14 | Dango · tribute_sent a jugador 1 |
| 46:14 | Dango · tribute_sent a jugador 2 |
| 46:14 | Dango · tribute_sent a jugador 3 |
| 46:14 | Dango · tribute_sent a jugador 4 |
| 46:14 | Dango · tribute_sent a jugador 5 |
| 46:14 | Dango · tribute_sent a jugador 6 |
| 46:14 | Dango · tribute_sent a jugador 7 |
| 47:03 | Dango · tribute_sent a jugador 1 |
| 47:03 | Dango · tribute_sent a jugador 2 |
| 47:03 | Dango · tribute_sent a jugador 3 |
| 47:03 | Dango · tribute_sent a jugador 4 |
| 47:03 | Dango · tribute_sent a jugador 5 |
| 47:03 | Dango · tribute_sent a jugador 6 |
| 47:03 | Dango · tribute_sent a jugador 7 |
| 47:10 | word马亚 · first_market_buy 100 food |
| 47:12 | Dango · tribute_sent a jugador 1 |
| 47:12 | Dango · tribute_sent a jugador 2 |
| 47:12 | Dango · tribute_sent a jugador 3 |
| 47:12 | Dango · tribute_sent a jugador 4 |
| 47:12 | Dango · tribute_sent a jugador 5 |
| 47:12 | Dango · tribute_sent a jugador 6 |
| 47:12 | Dango · tribute_sent a jugador 7 |
| 47:45 | word马亚 · first_building Barracks |
| 48:17 | Benjaiper · resign |
[ ANÁLISIS IA · 1 CRÉDITO ]
¿Qué pasó realmente en esta partida?
Wolo.gg analiza cada decisión: build order, eco, micro, errores típicos por bracket. Análisis personalizado por WhatsApp o Discord en 30 segundos.
Guía civ
Búlgaros
Perfil
Jugador #532008